AoeStats
← Michi3052

Enclosed

505384394Analyzed
1v1 RM · 24d ago on Sep 9, 2026· 53m 56s· 2 players
Game mode
Random Map
Map size
Tiny (2 player)
Population
200
Speed
Normal
Resources
Standard
Victory
Conquest
Starting age
Dark Age
Ending age
Imperial Age
RankedLock teamsTeams togetherTeam positionsShared explorationLock speedFull tech treeHidden civsTurbo modeCheats
Victory
Defeat
🇪🇸 Turks · Spain
612
+17
🇨🇱 Bohemians · Chile
631
-17
Michi3052
11:01 Feudal Age
13:11 Loom
13:47 Bloodlines
18:41 Castle Age
19:08 Horse Collar
19:18 Double-Bit Axe
27:18 Imperial Age
28:03 Gold Mining
28:58 Wheelbarrow
31:13 Padded Archer Armor
31:58 Town Watch
34:51 Fletching
37:10 Ballistics
43:41 Hand Cart
43:43 Masonry
45:40 Conscription
50:48 Leather Archer Armor
50:28 Bodkin Arrow
50:41 Scale Barding Armor
51:52 Town Patrol
grad
9:06 Loom
11:15 Feudal Age
16:34 Castle Age
15:25 Horse Collar
15:41 Double-Bit Axe
20:41 Fletching
23:53 Wheelbarrow
23:13 Town Watch
23:18 Crossbowman
27:15 Hand Cart
27:48 Bow Saw
27:47 Heavy Plow
35:01 Imperial Age
33:30 Pikeman
34:11 Squires
33:59 Arson
35:17 Ballistics
35:09 Husbandry
36:07 Conscription
37:08 Wagenburg Tactics
38:00 Elite Skirmisher
39:45 Chemistry
38:12 Cavalier
39:55 Scale Barding Armor
Connection lost

Rejoining the realm…

Still unreachable

The connection could not be restored.

Session expired

The server has moved on; the page needs a fresh start.